 Dungeon Crawl Stone Soup version 0.19.5 (webtiles) character file.

2770 greprep the Thaumaturge (level 9, -2/47 HPs)
             Began as a Deep Elf Conjurer on May 6, 2017.
             Was a Priest of Vehumet.
             Slain by an orc warrior
             ... wielding a +0 scimitar
              (16 damage)
             ... on level 7 of the Dungeon.
             The game lasted 00:49:23 (9378 turns).

greprep the Thaumaturge (Deep Elf Conjurer)         Turns: 9378, Time: 00:49:24

Health: -2/47      AC:  8    Str:  5      XL:     9   Next: 42%
Magic:  18/25      EV: 13    Int: 24      God:    Vehumet [***...]
Gold:   361        SH:  4    Dex: 13 (15) Spells: 9 memorised, 2 levels left

rFire  . . .     SeeInvis .     g - +1 dagger
rCold  . . .     Gourm    .     s - +1 robe
rNeg   . . .     Faith    .     q - +0 buckler
rPois  .         Spirit   .     C - +2 hat
rElec  .         Reflect  .     y - +2 cloak
rCorr  .         Harm     .     (no gloves)
MR     .....                    (no boots)
Stlth  ++++......               (no amulet)
                                (no ring)
                                i - ring of stealth

@: no status effects
A: no striking features
a: Renounce Religion


You were on level 7 of the Dungeon.
You worshipped Vehumet.
Vehumet was most pleased with you.
You were not hungry.

You visited 1 branch of the dungeon, and saw 7 of its levels.
You also visited: Sewer.

You collected 451 gold pieces.
You spent 90 gold pieces at shops.

Inventory:

Hand Weapons
 g - a +1 dagger (weapon)
Armour
 q - a +0 buckler (worn)
 s - a +1 robe (worn)
 y - a +2 cloak (worn)
 C - a +2 hat (worn)
Jewellery
 i - a ring of stealth (left hand)
Wands
 a - a wand of polymorph (8/24)
 j - a wand of lightning (11/15)
 l - a wand of teleportation (2/9)
 o - a wand of enslavement (9/24)
 v - a wand of enslavement (13/24)
Scrolls
 e - 2 scrolls of magic mapping
 f - a scroll of blinking {unknown}
 n - 2 scrolls of recharging
 p - a scroll of immolation {unknown}
 t - a scroll of enchant weapon
 u - a scroll of fear
 A - a scroll of remove curse
 F - a scroll of teleportation {unknown}
 G - a scroll of noise {unknown}
 H - 3 scrolls of identify
 K - a scroll of enchant armour
Potions
 h - 2 potions of flight
 k - 15 potions of curing
 m - 7 potions of agility
 r - 6 potions of heal wounds
 w - a potion of berserk rage {unknown}
 x - a potion of haste {unknown}
 z - a potion of cancellation {unknown}
 B - a potion of might {unknown}
 E - a potion of brilliance {unknown}
 I - a potion of mutation {unknown}
 J - a potion of cure mutation {unknown}
Books
 b - a book of Conjurations

   Spells                             Type                      Level
   a - Magic Dart                     Conjuration                  1
   b - Searing Ray                    Conjuration                  2
   c - Dazzling Spray                 Conjuration/Hexes            3
   d - Fulminant Prism                Conjuration/Hexes            4
   e - Iskenderun's Mystic Blast      Conjuration                  4
   f - Iskenderun's Battlesphere      Conjuration/Charms           5
 D - a book of Debilitation

   Spells                             Type                      Level
   a - Corona                         Hexes                        1
   b - Slow                           Hexes                        2
   c - Gell's Gravitas                Hexes/Translocation          3
   d - Inner Flame                    Hexes/Fire                   3
   e - Cause Fear                     Hexes                        4
   f - Leda's Liquefaction            Hexes/Earth                  4
Comestibles
 c - 4 bread rations
 d - 2 meat rations


   Skills:
 + Level 1.2 Fighting
 + Level 0.6 Short Blades
 + Level 4.2 Dodging
 + Level 5.9 Stealth
 * Level 1.4 Shields
 + Level 10.3 Spellcasting
 + Level 9.4 Conjurations
 + Level 4.0 Hexes
 * Level 3.0 Charms
 + Level 0.8 Air Magic
 + Level 0.2 Evocations


You had 2 spell levels left.
You knew the following spells:

 Your Spells              Type           Power        Failure   Level  Hunger
a - Magic Dart            Conj           ####         1%          1    None
b - Searing Ray           Conj           ######       1%          2    None
c - Dazzling Spray        Conj/Hex       #####.       1%          3    None
d - Fulminant Prism       Conj/Hex       #####.....   1%          4    #......
e - Iskenderun's Mystic   Conj           ######..     1%          4    #......
f - Iskenderun's Battles  Conj/Chrm      #####...     4%          5    ####...
g - Cause Fear            Hex            ####......   14%         4    #......
h - Shock                 Conj/Air       ####         1%          1    None
i - Slow                  Hex            ####....     1%          2    None


Dungeon Overview and Level Annotations

Branches:
Dungeon (7/15)             Temple (0/1) D:5

Altars:
Dithmenos
Nemelex Xobeh
Qazlal
Trog
Vehumet
Zin

Shops:
D:6 [


Message History

The searing ray hits the hound.
The hound is moderately wounded. (Press . to maintain the ray.)
The hound barely misses you.
The searing ray hits the hound.
The hound is severely wounded.
The hound bites you but does no damage.
The orc priest invokes the aid of Beogh against you.
Beogh smites you! The orc warrior closely misses you.
The hound barely misses you.
The searing ray hits the hound.
You kill the hound!
Vehumet accepts your kill.
You feel your power returning.
The orc warrior hits you with a scimitar!!
* * * LOW HITPOINT WARNING * * *
The orc priest calls upon Beogh to heal the orc warrior.
The orc warrior is healed somewhat.
The orc warrior hits you with a scimitar!
You die...

########....# ...........#
#........# #....# ###..##
##..########## #o5.<........
##.o.......... ##
#>@...######## .## #...### ..#
##.÷.# ..## ##...##
...##########...)##
....)............)##
.....(............†#######
#...)(...(...............#####
...........).......).).).(...##


You could see an orc warrior, an orc priest and a shadow imp.

Vanquished Creatures
  Pikel (D:3)
  Edmund (D:5)
  Menkaure (D:5)
  An orc warrior (D:7)
  A sky beast (D:7)
  A slave (D:3)
  The ghost of doot the Chucker, an amateur OgHu (D:3)
  4 ogres
  2 big kobolds
  A bullfrog (D:6)
  4 scorpions
  A howler monkey (D:5)
  A quasit (D:7)
  3 bullfrog skeletons
  5 hounds
  2 orc priests
  2 jellies
  A gnoll shaman (D:6)
  Terence (D:2)
  Jessica (D:3)
  3 orc wizards
  5 worker ants
  A hound skeleton (D:4)
  3 gnolls (D:6)
  8 adders
  8 river rats
  A shadow imp (D:7)
  An ooze (D:2)
  An adder skeleton (D:7)
  2 worms (D:6)
  8 leopard geckos
  21 orcs
  4 bats
  5 giant cockroaches
  8 goblins
  6 hobgoblins
  7 jackals
  24 kobolds
  2 quokkas
  7 ball pythons
  6 frilled lizards
  A quokka skeleton (D:5)
  27 rats
194 creatures vanquished.

Vanquished Creatures (others)
  A slave (D:3)
  3 orcs (D:4)
  10 fulminant prisms
14 creatures vanquished.

Grand Total: 208 creatures vanquished

Notes
Turn   | Place    | Note
-------+----------+-------------------------------------------
     0 | D:1      | greprep the Deep Elf Conjurer began the quest for the Orb.
     0 | D:1      | Reached XP level 1. HP: 10/10 MP: 6/6
   116 | D:1      | Reached XP level 2. HP: 15/15 MP: 4/8
   163 | D:1      | Learned a level 2 spell: Searing Ray
   555 | D:1      | Reached skill level 5 in Conjurations
   734 | D:2      | Noticed Terence
   792 | D:1      | Reached XP level 3. HP: 17/19 MP: 2/10
   858 | D:1      | Learned a level 3 spell: Dazzling Spray
   920 | D:2      | Killed Terence
  1617 | D:2      | Found a glowing silver altar of Zin.
  1617 | D:2      | Found Zin's Purification Station.
  1625 | D:2      | Bought a potion of curing for 90 gold pieces
  1696 | D:2      | Found a faded altar of an unknown god.
  1852 | D:2      | Reached skill level 4 in Spellcasting
  1852 | D:2      | Reached XP level 4. HP: 24/24 MP: 8/12
  1858 | D:2      | Learned a level 4 spell: Fulminant Prism
  2067 | D:3      | Noticed Jessica
  2092 | D:3      | Killed Jessica
  2179 | D:3      | Noticed doot's ghost (amateur OgHu)
  2311 | D:3      | Killed doot's ghost
  2311 | D:3      | Reached XP level 5. HP: 12/28 MP: 3/14
  2647 | D:3      | Reached skill level 5 in Spellcasting
  2705 | D:3      | Reached skill level 1 in Hexes
  2711 | D:3      | Learned a level 4 spell: Iskenderun's Mystic Blast
  3028 | D:4      | Noticed a slave
  3028 | D:4      | Noticed a slave
  3082 | D:4      | Noticed Pikel
  3082 | D:4      | Noticed a slave
  3082 | D:4      | Noticed a slave
  3193 | D:3      | Killed a slave
  3599 | D:3      | Noticed an ogre
  3656 | D:3      | Killed Pikel
  3656 | D:3      | Reached skill level 1 in Fighting
  3656 | D:3      | Reached skill level 6 in Spellcasting
  3656 | D:3      | Reached XP level 6. HP: 19/34 MP: 1/17
  3656 | D:3      | Reached XP level 7. HP: 22/38 MP: 1/19
  4067 | D:4      | Reached skill level 7 in Spellcasting
  4144 | D:4      | Found a sparkling altar of Nemelex Xobeh.
  4234 | D:4      | Found a radiant altar of Vehumet.
  4377 | D:4      | Became a worshipper of Vehumet
  4551 | D:4      | Found a stormy altar of Qazlal.
  5017 | D:4      | Found a shadowy altar of Dithmenos.
  5036 | D:5      | Entered Level 5 of the Dungeon
  5156 | D:5      | Noticed Edmund
  5157 | D:5      | Reached XP level 8. HP: 43/43 MP: 19/21
  5299 | D:5      | Learned a level 5 spell: Iskenderun's Battlesphere
  5310 | D:5      | Killed Edmund
  5310 | D:5      | Reached skill level 8 in Spellcasting
  5338 | D:5      | Noticed Menkaure
  5414 | D:5      | Killed Menkaure
  5660 | D:5      | Found a staircase to the Ecumenical Temple.
  5944 | D:5      | Found a bloodstained altar of Trog.
  6302 | D:5      | Reached skill level 9 in Spellcasting
  6720 | D:6      | Found Tuze's Armour Emporium.
  6759 | D:6      | Reached * piety under Vehumet
  6759 | D:6      | Offered knowledge of Sting by Vehumet.
  6761 | D:6      | Reached skill level 5 in Stealth
  7075 | D:6      | Found a glowing drain.
  7105 | Sewer    | Entered a sewer
  7172 | Sewer    | Learned a level 4 spell: Cause Fear
  7280 | Sewer    | Offered knowledge of Shock by Vehumet.
  7362 | Sewer    | Reached ** piety under Vehumet
  7467 | Sewer    | Reached XP level 9. HP: 47/47 MP: 6/24
  7722 | Sewer    | Learned a level 1 spell: Shock
  8165 | D:6      | Reached skill level 10 in Spellcasting
  8273 | D:6      | Reached skill level 1 in Charms
  8552 | D:7      | Reached skill level 1 in Shields
  8787 | D:7      | Offered knowledge of Mephitic Cloud by Vehumet.
  9027 | D:7      | Reached *** piety under Vehumet
  9272 | D:7      | Learned a level 2 spell: Slow
  9378 | D:7      | Slain by an orc warrior

Skill      XL: |  1  2  3  4  5  6  7  8  9 |
---------------+----------------------------+-----
Conjurations   | 5 6 7 9 |  9.4
Spellcasting   | 4 6 7 9 10 | 10.3
Stealth        | 3 4 5 |  5.9
Hexes          | 3 4 |  4.0
Fighting       | 1 |  1.2
Dodging        | 3 4 |  4.2
Charms         | 3 |  3.0
Shields        | 1 |  1.4
Short Blades   | |  0.6
Air Magic      | |  0.8
Evocations     | |  0.2

Action                   |  1- 3 |  4- 6 |  7- 9 || total
-------------------------+-------+-------+-------++-------
Melee: Dagger            |     3 |     7 |    22 ||    32
 Cast: Magic Dart        |    64 |    59 |    62 ||   185
       Dazzling Spray    |     4 |     9 |    10 ||    23
       Searing Ray       |       |     8 |    61 ||    69
       Fulminant Prism   |       |     2 |     8 ||    10
       Iskenderun's Myst |       |     1 |     5 ||     6
       Shock             |       |       |    40 ||    40
       Slow              |       |       |     1 ||     1
Evoke: Wand              |       |     1 |     1 ||     2
  Use: Scroll            |    10 |     2 |     6 ||    18
 Stab: Sleeping          |     1 |       |     9 ||    10
       Invisible         |       |     1 |     1 ||     2
  Eat: Meat ration       |     2 |       |     1 ||     3
       Beef jerky        |     1 |       |     1 ||     2
       Pizza             |       |       |     1 ||     1
       Bread ration      |       |       |     2 ||     2
Armor: Robe              |       |     5 |    36 ||    41
Dodge: Dodged            |     8 |    35 |    90 ||   133
Block: Buckler           |       |       |    11 ||    11
